 Dungeon Crawl Stone Soup version 0.16.1-30-g34a7ffa (webtiles) character file.

38 Golfball the Skirmisher (level 3, -2/24 HPs)
             Began as a Gargoyle Berserker on June 16, 2015.
             Was a Believer of Trog.
             Slain by a gnoll
             ... wielding a +0 whip
              (4 damage)
             ... on level 2 of the Dungeon.
             The game lasted 00:04:28 (558 turns).

Golfball the Skirmisher (Gargoyle Berserker)         Turns: 558, Time: 00:04:30

Health: -2/24      AC:  9    Str: 20    XL:     3   Next: 43%
Magic:  3/3        EV: 11    Int:  8    God:    Trog [**....]
Gold:   46         SH:  0    Dex:  9    Spells: 0 memorised, 2 levels left

rFire  . . .     SeeInvis .     a - +1 mace
rCold  . . .     Clarity  .     b - +0 ring mail
rNeg   + . .     SustAb   .     (no shield)
rPois  ∞         Gourm    .     g - +0 helmet
rElec  +         Spirit   .     (no cloak)
rCorr  .         Warding  .     (no gloves)
rMut   .         Stasis   .     (no boots)
MR     ++...                    (no amulet)
Stlth  ..........               (no ring)
                                (no ring)

@: regenerating, very resistant to hostile enchantments, extremely unstealthy
A: negative energy resistance 1, electricity resistance, unbreathing,
petrification resistance, rot immunity, AC +3
a: Burn Spellbooks, Berserk, Trog's Hand, Renounce Religion


You were on level 2 of the Dungeon.
You worshipped Trog.
Trog was pleased with you.
You were not hungry.

You visited 1 branch of the dungeon, and saw 2 of its levels.

You collected 46 gold pieces.

Inventory:

Hand weapons
 a - a +1 mace (weapon)
Armour
 b - a +0 ring mail (worn)
 g - a +0 helmet (worn)
 h - a +0 large shield
Scrolls
 d - a scroll of fog
 k - a scroll of remove curse
Potions
 e - a potion of magic {unknown}
 f - a potion of resistance {unknown}
 i - 2 potions of haste {unknown}
 j - 2 potions of heal wounds {unknown}
 m - 2 potions of curing {unknown}
Comestibles
 c - a bread ration
 l - 3 chunks of flesh
 n - a meat ration


   Skills:
 - Level 4.0 Fighting
 + Level 3.9 Maces & Flails
 - Level 2.1 Armour
 - Level 1.5 Dodging


You had 2 spell levels left.
You didn't know any spells.

Dungeon Overview and Level Annotations

Branches:
Dungeon (2/15)

Altars:
Ru


Innate Abilities, Weirdness & Mutations

You are resistant to torment.
You are immune to poison.
Your stone body is very resilient (AC +3).
You resist negative energy.
You are resistant to electric shocks.
You can survive without breathing.
You are immune to petrification.
You are immune to rotting.


Message History

You barely miss the gnoll.
The gnoll is heavily wounded.
The gnoll closely misses you. The gnoll barely misses you. The gnoll hits you.
You closely miss the gnoll.
The gnoll is heavily wounded.
The gnoll barely misses you. The gnoll hits you with a whip.
The gnoll hits you but does no damage.
You hit the gnoll but do no damage.
The gnoll is heavily wounded.
The gnoll hits you from afar with a spear.
* * * LOW HITPOINT WARNING * * *
The gnoll hits you but does no damage. The gnoll barely misses you.
The gnoll closely misses you.
Use which ability? (? or * to list)
Your skin crawls.
You feel resistant to hostile enchantments.
You feel slightly more hungry. The gnoll hits you.
* * * LOW HITPOINT WARNING * * *
The gnoll hits you with a whip.
You die...

.##. ..#. #.#.## #.#...
#.##.# # #.##.## .##
##.##..# ...##
#######......#####......#
.........#......@gg..#
......#######....g####
#####.#..#..#.....#
#.#..#..#..#..#
#.#....)≈..#..≈..
#.#....#########..
#.......≈..#_.≈...
##...#..#[.#..#..#
#...#..#.....#..#.


You could see 3 gnolls.

Vanquished Creatures
  A gnoll (D:2)
  A giant gecko (D:1)
  5 bats (D:1)
  4 goblins (D:1)
  3 hobgoblins (D:1)
  5 jackals (D:1)
  2 giant cockroaches (D:1)
  A giant newt (D:1)
  A kobold (D:1)
  3 rats (D:1)
26 creatures vanquished.

Notes
Turn   | Place    | Note
--------------------------------------------------------------
     0 | D:1      | Golfball, the Gargoyle Berserker, began the quest for the Orb.
     0 | D:1      | Reached XP level 1. HP: 14/14 MP: 1/1
    85 | D:1      | Reached XP level 2. HP: 17/19 MP: 2/2
   212 | D:1      | Acquired Trog's second power
   419 | D:1      | Reached XP level 3. HP: 21/24 MP: 3/3
   422 | D:1      | Reached skill level 4 in Fighting
   505 | D:2      | Found a sacrificial altar of Ru.
   558 | D:2      | Slain by a gnoll

Action                   || total
-------------------------++-------
Melee: Mace              ||    72
Invok: Trog's Hand       ||     1
  Use: Scroll            ||     5
